 Dungeon Crawl Stone Soup version 0.24-a0-397-g73b976d855 (webtiles) character file.

Game seed: 14547450997557080585

2870 Laiders72 the Basher (level 10, -12/80 HPs)
             Began as a Formicid Fighter on June 4, 2019.
             Killed from afar by Maurice (19 damage)
             ... with an iceblast
             ... on level 8 of the Dungeon.
             The game lasted 00:20:43 (6542 turns).

Laiders72 the Basher (Formicid Fighter)             Turns: 6542, Time: 00:20:43

Health: -12/80     AC: 12    Str: 26    XL:     10   Next: 4%
Magic:  10/10      EV:  6    Int:  8    God:
Gold:   409        SH: 12    Dex: 13    Spells: 9/9 levels left

rFire    . . .     SeeInvis +   s - +0 morningstar
rCold    . . .     Gourm    .   c - +0 shield
rNeg     . . .     Faith    .   j - +0 plate armour
rPois    +         Spirit   .   (helmet unavailable)
rElec    .         Reflect  .   (no cloak)
rCorr    .         Harm     .   o - +0 pair of gloves
MR       +....                  (no boots)
Stlth    ..........             (no amulet)
HPRegen  0.23/turn              u - ring of stealth
MPRegen  0.12/turn              B - ring of poison resistance

@: mighty, lethally poisoned (-12 -> -12)
A: permanent stasis, dig shafts and tunnels, four strong arms, antennae 3
a: Dig, Shaft Self


You were on level 8 of the Dungeon.
You were not hungry.

You visited 2 branches of the dungeon, and saw 9 of its levels.
You also visited: Sewer.

You collected 409 gold pieces.

Inventory:

Hand Weapons
 s - a +0 morningstar (weapon)
Missiles
 m - 8 silver javelins (quivered)
Armour
 c - a +0 shield (worn)
 j - a +0 plate armour (worn)
 o - a +0 pair of gloves (worn)
Jewellery
 u - a ring of stealth (left hand)
 B - a ring of poison resistance (right hand)
Wands
 d - a wand of flame (28)
 z - a wand of polymorph (18)
Scrolls
 b - 2 scrolls of fear {unknown}
 e - 4 scrolls of enchant weapon
 h - a scroll of enchant armour
 k - 6 scrolls of remove curse
 l - 3 scrolls of immolation {unknown}
 p - 4 scrolls of random uselessness {unknown}
 r - 3 scrolls of blinking {unknown}
 v - a scroll of magic mapping
 x - 5 scrolls of teleportation {unknown}
 y - a scroll of fog {unknown}
 A - a scroll of summoning {unknown}
Potions
 a - a potion of curing
 i - 3 potions of flight
 n - a potion of brilliance
 t - a potion of mutation {unknown}
 w - a potion of lignification {unknown}
Comestibles
 f - 13 rations


   Skills:
 + Level 7.9 Fighting
 * Level 9.6 Maces & Flails
 - Level 3.2 Armour
 + Level 8.6 Shields


You had 9 spell levels left.
You didn't know any spells.
Your spell library contained the following spells:

 Spells                   Type           Power        Failure   Level  Hunger
 Flame Tongue             Conj/Fire      #....        100%        1    ##.....
 Throw Flame              Conj/Fire      #.....       100%        2    ###....
 Conjure Flame            Conj/Fire      #.......     100%        3    ####...
 Inner Flame              Hex/Fire       #.......     100%        3    ####...
 Sticky Flame             Conj/Fire      #.......     100%        4    #####..
 Fireball                 Conj/Fire      #.........   100%        5    ######.


Dungeon Overview and Level Annotations

Branches:
Dungeon (8/15)             Temple (1/1) D:4
   Lair: D:8-11

Altars:
Ashenzari
Cheibriados
Dithmenos
Elyvilon
Fedhas
Gozag
Hepliaklqana
Kikubaaqudgha
Makhleb
Nemelex Xobeh
Okawaru
Qazlal
Sif Muna
Trog
Uskayaw
Vehumet
Wu Jian
Yredelemnul
Zin

Annotations:
D:8 Maurice


Innate Abilities, Weirdness & Mutations

You cannot be hasted, slowed, berserked, paralysed or teleported.
You can dig through walls and to a lower floor.
Your four strong arms can wield two-handed weapons with a shield.
You have a pair of large antennae on your head. (SInv)


Message History

The killer bee stings you but does no damage.
The killer bee barely misses you.
Your shield and plate armour prevent you from hitting the killer bee.
The killer bee is almost dead.
The killer bee stings you but does no damage. x2
You barely miss the killer bee.
The killer bee is almost dead.
You feel sick. You block the killer bee's attack.
The killer bee stings you but does no damage.
You miss the killer bee.
The killer bee is almost dead.
You block the killer bee's attack. x3
You puncture the killer bee!
You kill the killer bee!
Maurice looks sneaky.
Maurice zaps a wand.
The mass of ice explodes!
The iceblast engulfs the centaur zombie!
The centaur zombie partially resists.
The iceblast engulfs Maurice!
The iceblast engulfs you!!
You die...

#....y #.#... # #.#..#
##(#....# ........#
.......># ####
#......### .....
#........####...... .#
#......#5@Z@....#
##.###.....#######.#.#
........... ..
......####. ...
......# #. ... y.....#
.. .. y.h...# .# {.
<.....# ....c.#


You could see Maurice (invisible), a quasit and a centaur zombie.

Vanquished Creatures
  Pikel (D:6)
  A sky beast (D:7)
  Purgy (Sewer)
  3 black bears (D:7)
  An ice beast (D:5)
  4 ogres
  3 bullfrogs
  A scorpion (D:4)
  8 killer bees
  6 crimson imps
  A jelly (D:6)
  3 hounds
  An orc priest (D:4)
  An iguana (D:3)
  6 orc wizards
  4 worker ants
  A hound skeleton (D:4)
  A worker ant zombie (D:7)
  8 adders
  7 gnolls
  A howler monkey skeleton (D:4)
  A shadow imp (D:6)
  4 oozes
  2 adder skeletons
  2 worms (D:4)
  2 leopard geckos
  20 orcs
  8 bats
  6 giant cockroaches
  8 goblins
  3 hobgoblins
  27 jackals
  6 kobolds
  A quokka (D:6)
  8 frilled lizards
  A quokka skeleton (D:4)
  4 rats
166 creatures vanquished.

Vanquished Creatures (others)
  A slave (D:6)
  A bullfrog (D:6)
  A giant cockroach (D:6)
  A withered plant (D:7)
4 creatures vanquished.

Grand Total: 170 creatures vanquished

Notes
Turn   | Place    | Note
-------+----------+-------------------------------------------
     0 | D:1      | Laiders72 the Formicid Fighter began the quest for the Orb.
     0 | D:1      | Reached XP level 1. HP: 18/18 MP: 1/1
     4 | D:1      | Noticed a shadow dragon
     7 | D:1      | Noticed an ice dragon
     8 | D:1      | Noticed a shadow dragon
    10 | D:1      | Noticed a large abomination
    12 | D:1      | Noticed an iron dragon
    12 | D:1      | Noticed a red draconian
    14 | D:1      | Noticed a large abomination
    16 | D:1      | Noticed a shadow dragon
    16 | D:1      | Noticed an orb of fire
    18 | D:1      | Noticed an orb of fire
    18 | D:1      | Noticed a large abomination
    35 | D:1      | Reached XP level 2. HP: 18/24 MP: 2/2
   296 | D:1      | Reached XP level 3. HP: 28/29 MP: 3/3
   432 | D:1      | Reached skill level 3 in Maces & Flails
   787 | D:2      | Reached XP level 4. HP: 37/37 MP: 4/4
  1119 | D:2      | Reached XP level 5. HP: 42/42 MP: 5/5
  1250 | D:3      | Found a white marble altar of Elyvilon.
  1297 | D:3      | Found a shattered altar of Ashenzari.
  1322 | D:3      | Reached skill level 4 in Maces & Flails
  1361 | D:3      | Reached XP level 6. HP: 45/49 MP: 6/6
  1721 | D:4      | Found a staircase to the Ecumenical Temple.
  1748 | Temple   | Entered the Ecumenical Temple
  2002 | D:4      | Reached skill level 5 in Shields
  2077 | D:4      | Found a glowing drain.
  2097 | Sewer    | Entered a sewer
  2433 | Sewer    | Noticed Purgy
  2455 | Sewer    | Killed Purgy
  2455 | Sewer    | Reached skill level 5 in Maces & Flails
  2598 | D:4      | Reached XP level 7. HP: 51/55 MP: 7/7
  2917 | D:4      | Reached skill level 5 in Fighting
  2943 | D:4      | Found a glowing silver altar of Zin.
  3163 | D:5      | Entered Level 5 of the Dungeon
  3314 | D:5      | Got a shimmering ring mail
  3315 | D:5      | Identified the cursed +0 ring mail of Neututiy {rF++ Int+2
                  | Stlth-} (You found it on level 5 of the Dungeon)
  3496 | D:5      | Reached skill level 6 in Maces & Flails
  3842 | D:5      | Reached XP level 8. HP: 52/63 MP: 8/8
  3846 | D:5      | Found a basalt altar of Yredelemnul.
  4582 | D:6      | Noticed Pikel
  4595 | D:6      | HP: 1/64 [Pikel/+2 whip of electrocution (19)]
  4600 | D:6      | HP: 3/64 [hound (3)]
  4601 | D:6      | Killed Pikel
  4601 | D:6      | Reached skill level 7 in Maces & Flails
  4947 | D:6      | Reached XP level 9. HP: 68/71 MP: 9/9
  5056 | D:6      | Reached skill level 8 in Maces & Flails
  5168 | D:6      | Found a sparkling altar of Nemelex Xobeh.
  5836 | D:7      | Found a white marble altar of Elyvilon.
  5853 | D:7      | Found an ancient bone altar of Kikubaaqudgha.
  5864 | D:7      | Reached skill level 9 in Maces & Flails
  5887 | D:7      | Found a bloodstained altar of Trog.
  6460 | D:8      | Noticed Maurice
  6506 | D:8      | Reached XP level 10. HP: 41/80 MP: 10/10
  6542 | D:8      | Killed from afar by Maurice

Levels and vault maps discovered:
D:1:      shiori_arrival_whats_in_store_for_you, layout_rooms
D:2:      layout_basic, hangedman_decor_growths
D:3:      layout_basic, old_standard_altar, ashenzari_altar_1
D:4:      layout_cave_pods, kennysheep_little_box, temple_statues,
          cheibrodos_sewer_entry_bend, first_ration, dk_noncrumbling_4
D:5:      layout_loops_corners, lemuel_crystal_altar
D:6:      layout_gridville, basic_altar, uniq_pikel
D:7:      layout_basic, kiku_gazebo_garden_becter, trog_ov_bears_minmay,
          basic_altar
D:8:      layout_rooms, david_nohive_1, kennysheep_minor_cross, uniq_maurice
Temple:   dshaligram_water_room_temple

Skill      XL: |  1  2  3  4  5  6  7  8  9 |
---------------+----------------------------+-----
Shields        | 4 5 6 7 8 |  8.6
Maces & Flails | 3 4 5 6 7 9 |  9.6
Fighting       | 4 5 6 7 |  7.9
Armour         | |  3.2

Action                   |  1- 3 |  4- 6 |  7- 9 | 10-12 || total
-------------------------+-------+-------+-------+-------++-------
Melee: Flail             |   101 |   106 |       |       ||   207
       Morningstar       |       |   110 |   368 |    34 ||   512
Throw: Javelin           |     7 |       |     6 |       ||    13
 Abil: Dig               |       |     2 |       |       ||     2
  Use: Scroll            |     3 |     6 |     3 |       ||    12
       Potion            |       |       |     3 |     2 ||     5
  Eat: Chunk             |       |     6 |    11 |       ||    17
       Ration            |       |       |     1 |       ||     1
Armor: Scale mail        |    60 |       |       |       ||    60
       Plate armour      |     9 |   224 |   286 |    17 ||   536
Dodge: Dodged            |    43 |    54 |    81 |    10 ||   188
Block: Shield            |    70 |   197 |   279 |    22 ||   568

Table legend:
 A = Non-vault XP
 B = Vault XP
 C = Vault XP percentage of total XP
 D = Non-vault monster count
 E = Vault monster count
 F = Vault count percentage of total count
                 A         B        C        D         E       F
            +---------+---------+-------+---------+---------+-------
      Total |    3089 |    1011 |  24.7 |     156 |      10 |   6.0
            +---------+---------+-------+---------+---------+-------
        D:1 |      67 |       0 |   0.0 |      33 |       0 |   0.0
        D:2 |      77 |       0 |   0.0 |      16 |       0 |   0.0
        D:3 |     137 |       0 |   0.0 |      15 |       0 |   0.0
        D:4 |     237 |       5 |   2.1 |      16 |       1 |   5.9
        D:5 |     413 |       0 |   0.0 |      20 |       0 |   0.0
        D:6 |     773 |     617 |  44.4 |      20 |       1 |   4.8
        D:7 |     917 |     247 |  21.2 |      24 |       2 |   7.7
        D:8 |     468 |       0 |   0.0 |      12 |       0 |   0.0
      Sewer |       0 |     142 | 100.0 |       0 |       6 | 100.0
            +---------+---------+-------+---------+---------+-------
